 Dungeon Crawl Stone Soup version 0.20-a0-1121-gbb42413 (webtiles) character file.

36780 4thArraOfDagon the Spear-Bearer (level 13, -3/123 HPs)
             Began as a Naga Fire Elementalist on May 10, 2017.
             Was a High Priest of the Shining One.
             Slain by an 11-headed hydra (9 damage)
             ... on level 6 of the Lair of Beasts.
             The game lasted 00:57:15 (8476 turns).

4thArraOfDagon the Spear-Bearer (NaFE)              Turns: 8476, Time: 00:57:16

Health: -3/123     AC: 17    Str: 16    XL:     13   Next: 92%
Magic:  2/19       EV: 16    Int: 23    God:    the Shining One [*****.]
Gold:   1132       SH:  0    Dex: 22    Spells: 4/20 levels left

rFire    . . .     SeeInvis +   T - +1 halberd (holy)
rCold    + . .     Gourm    .   (shield currently unavailable)
rNeg     + + .     Faith    .   n - +2 ring mail {rC+}
rPois    +         Spirit   .   (no helmet)
rElec    .         Reflect  .   H - scarf {cloud immunity}
rCorr    .         Harm     .   G - +0 pair of gloves
MR       +....                  s - +0 naga barding
Stlth    ++........             J - amulet of Xihaeth {+Rage Str+5 Int+3}
Regen    0.3/turn               K - +5 ring of dexterity
MPRegen  0.2/turn               o - ring of wizardry

@: agile, glowing, very slow
A: see invisible, deformed body, poison resistance, slowness 2, slow metabolism
1, spit poison 1, constrict 1, AC +4
a: Spit Poison, Divine Shield, Cleansing Flame, Summon Divine Warrior, Renounce
Religion, Evoke Berserk Rage


You were on level 6 of the Lair of Beasts.
You worshipped the Shining One.
The Shining One was extremely pleased with you.
You were not hungry.

You visited 4 branches of the dungeon, and saw 24 of its levels.
You also visited: Labyrinth.

You collected 1132 gold pieces.

Inventory:

Hand Weapons
 t - the +3 trident "Veunt" {flame, *Noise rElec rN+ MR+++}
   (You took it off a big kobold on level 10 of the Dungeon)

   It has been specially enchanted to burn those struck by it, causing extra
   injury to most foes and up to half again as much damage against particularly
   susceptible opponents.
   It insulates you from electricity.
   It protects you from negative energy.
   It affects your resistance to hostile enchantments.
   It may make noises in combat.
 y - a +9 halberd
 T - a +1 halberd of holy wrath (weapon)
Armour
 n - a +2 ring mail of cold resistance (worn)
 s - a +0 naga barding (worn)
 G - a +0 pair of gloves (worn)
 H - a scarf of cloud immunity (worn)
Magical Staves
 P - an uncursed staff of power {unknown}
Jewellery
 a - an uncursed ring of protection from cold {unknown}
 o - a ring of wizardry (right hand)
 E - an uncursed ring of protection from magic
 J - the amulet of Xihaeth (around neck) {+Rage Str+5 Int+3}
   (You found it in a labyrinth)

   [amulet of rage]

   It affects your strength (+5).
   It affects your intelligence (+3).
   It lets you go berserk.
 K - a +5 ring of dexterity (left hand)
Wands
 e - a wand of lightning (8/15)
 k - a wand of polymorph (4/24)
 w - a wand of disintegration (7/24)
 D - a wand of confusion (27/48)
 F - a wand of lightning (0/15)
 I - a wand of iceblast (11/15)
 L - a wand of flame (32/48)
 R - a wand of confusion (23/48)
 S - a wand of acid (3/15)
 U - a wand of lightning (9/15)
 V - a wand of confusion (21/48)
Scrolls
 m - 2 scrolls of remove curse
 p - 5 scrolls of recharging
 r - a scroll of amnesia
 z - a scroll of blinking
 A - a scroll of enchant weapon
 Q - 2 scrolls of fog
 X - 2 scrolls of teleportation
 Z - a scroll of fear
Potions
 d - 6 potions of curing
 g - 2 potions of mutation
 q - a potion of cancellation {unknown}
 v - 3 potions of haste
 x - 2 potions of heal wounds
 C - 5 potions of berserk rage
 O - 2 potions of flight
 Y - a potion of might
Books
 b - a book of Flames

   Spells                             Type                      Level
   a - Flame Tongue                   Conjuration/Fire             1
   b - Throw Flame                    Conjuration/Fire             2
   c - Conjure Flame                  Conjuration/Fire             3
   d - Inner Flame                    Hexes/Fire                   3
   e - Sticky Flame                   Conjuration/Fire             4
   f - Fireball                       Conjuration/Fire             5
 h - a book of Geomancy

   Spells                             Type                      Level
   a - Sandblast                      Earth                        1
   b - Passwall                       Transmutation/Earth          2
   c - Stone Arrow                    Conjuration/Earth            3
   d - Petrify                        Transmutation/Earth          4
   e - Lee's Rapid Deconstruction     Earth                        5
 j - a book of Minor Magic

   Spells                             Type                      Level
   a - Magic Dart                     Conjuration                  1
   b - Blink                          Translocation                2
   c - Call Imp                       Summoning                    2
   d - Slow                           Hexes                        2
   e - Conjure Flame                  Conjuration/Fire             3
   f - Mephitic Cloud                 Conjuration/Poison/Air       3
 N - a book of Burglary

   Spells                             Type                      Level
   a - Swiftness                      Charms/Air                   2
   b - Passwall                       Transmutation/Earth          2
   c - Passage of Golubria            Translocation                4
   d - Lee's Rapid Deconstruction     Earth                        5
   e - Darkness                       Hexes                        6
   f - Invisibility                   Hexes                        6
Miscellaneous
 M - a lightning rod (inert)
 W - a phial of floods
Comestibles
 c - 5 bread rations
 f - 5 meat rations
 l - a royal jelly


   Skills:
 + Level 10.1 Fighting
 * Level 12.9 Polearms
 + Level 8.6 Armour
 + Level 6.3 Dodging
 - Level 3.0 Stealth
 - Level 4.2 Spellcasting
 - Level 5.4 Conjurations
 - Level 6.3 Fire Magic
 + Level 3.9 Invocations
 - Level 6.0 Evocations


You had 4 spell levels left.
You knew the following spells:

 Your Spells              Type           Power        Failure   Level  Hunger
a - Flame Tongue          Conj/Fire      ####.        1%          1    None
b - Conjure Flame         Conj/Fire      ####....     1%          3    ##.....
c - Sticky Flame          Conj/Fire      ####....     6%          4    ####...
d - Blink                 Tloc           N/A          11%         2    #......
e - Passwall              Tmut/Erth      #.........   11%         2    #......
f - Mephitic Cloud        Conj/Pois/Air  ##......     10%         3    ##.....
g - Apportation           Tloc           #.....       7%          1    None


Dungeon Overview and Level Annotations

Branches:
Dungeon (15/15)            Temple (1/1) D:6            Lair (6/6) D:10
    Orc (2/2) D:10            Elf (0/3) Orc:2
  Swamp: Lair:2-4    Shoals: Lair:2-4     Snake: Lair:2-4    Spider: Lair:2-4
  Slime: Lair:5-6    Vaults: D:13-14     Depths: D:15

Altars:
Ashenzari
Dithmenos
Fedhas
Gozag
Hepliaklqana
Kikubaaqudgha
Makhleb
Nemelex Xobeh
Okawaru
Ru
Sif Muna
Trog
Uskayaw
Wu Jian
Xom
Yredelemnul
Zin
The Shining One

Annotations:
D:9 exclusion: orange crystal statue
D:14 Agnes
Lair:6 exclusion: 3 oklob plants


Innate Abilities, Weirdness & Mutations

You cannot wear boots.
Your serpentine skin is tough. (AC +4)
You have supernaturally acute eyesight. (SInv)
Armour fits poorly on your strangely shaped body.
Your system is resistant to poisons. (rPois)
You cover ground very slowly.
You have a slow metabolism.
You can spit poison.
You can use your snake-like lower body to constrict enemies.


Message History

Unknown command.
You slice one of the ten-headed hydra's heads off!
The nine-headed hydra grows two more!
You hit the 11-headed hydra.
The 11-headed hydra is moderately wounded.
The crocodile misses you.
The 11-headed hydra is engulfed in blazing flames.
The 11-headed hydra bites you but does no damage.
The 11-headed hydra bites you.
* * * LOW HITPOINT WARNING * * *
The 11-headed hydra bites you.
* * * LOW HITPOINT WARNING * * *
The 11-headed hydra completely misses you.
The 11-headed hydra bites you but does no damage.
The 11-headed hydra bites you.
* * * LOW HITPOINT WARNING * * *
The 11-headed hydra bites you but does no damage.
The 11-headed hydra bites you.
* * * LOW HITPOINT WARNING * * *
The 11-headed hydra closely misses you. The 11-headed hydra bites you!
You die...

#### #..### ##.#..### ###
##########....#.P##..####
##..#.##.PP............P.
........PP...#...t...#
............###.@DY###
.............##..Y#.#
..............###.##†.
...............#### Y..
..#.P..........# ....
#.#P...........# ...
##......##...### ...
##......##.###.
##............


You could see a 11-headed hydra, 2 yaks and a crocodile.

Vanquished Creatures
  A minotaur (Lab)
  An ogre mage (D:15)
  3 hydras
  5 two-headed ogres
  A centaur warrior (D:11)
  4 death yaks (Lair:6)
  A wizard (D:15)
  4 unseen horrors
  Pikel (D:9)
  A deep elf mage (D:13)
  A manticore (D:13)
  4 elephants (Lair:6)
  2 gargoyles
  2 centaur zombies
  2 black mambas
  A torpor snail (Lair:6)
  7 spiny frogs
  3 komodo dragons
  A rime drake (Lair:1)
  3 polar bears
  A queen bee (Lair:1)
  2 hornets
  4 blink frogs (Lair:3)
  4 hippogriffs
  4 dream sheep (Lair:5)
  4 slime creatures (D:12)
  A redback (Orc:1)
  2 wyverns
  3 wraiths
  16 yaks
  2 shadows
  A basilisk (Lair:4)
  A hungry ghost (D:13)
  A warg (Lair:6)
  2 soldier ants
  6 water moccasins
  A sky beast (D:11)
  2 porcupines
  An ice beast (D:13)
  7 orc warriors
  3 phantoms
  2 black bears (D:10)
  13 wolves
  4 ogres
  8 centaurs
  2 crocodiles
  2 big kobolds
  3 wyvern zombies
  A water moccasin zombie (D:6)
  7 bullfrogs
  A gnoll sergeant (D:9)
  A wyvern skeleton (D:14)
  2 scorpions
  31 killer bees
  9 wights
  2 howler monkeys (D:12)
  4 crimson imps
  2 jellies
  6 bullfrog zombies
  5 hounds
  7 orc priests
  4 iguanas
  9 orc wizards
  4 worker ants
  A hound skeleton (D:7)
  A howler monkey zombie (D:9)
  A worker ant zombie (D:5)
  8 gnolls
  13 adders
  2 shadow imps
  2 worms
  A dart slug (D:3)
  3 leopard geckos
  39 orcs
  3 giant cockroaches (D:2)
  7 goblins
  2 hobgoblins
  13 jackals
  8 quokkas
  3 ball pythons
  3 bats
  4 frilled lizards
  A giant cockroach zombie (D:6)
  2 jackal skeletons (D:5)
  23 kobolds
  A leopard gecko skeleton (D:7)
  3 rats
  A plant (D:8)
390 creatures vanquished.

Vanquished Creatures (collateral kills)
  A hippogriff (Lair:4)
1 creature vanquished.

Vanquished Creatures (others)
  4 slaves (D:9)
  A killer bee (D:9)
  An adder zombie (D:5)
  2 orcs (D:9)
  3 fungi
  7 plants
18 creatures vanquished.

Grand Total: 409 creatures vanquished

Notes
Turn   | Place    | Note
-------+----------+-------------------------------------------
     0 | D:1      | 4thArraOfDagon the Naga Fire Elementalist began the quest for the Orb.
     0 | D:1      | Reached XP level 1. HP: 15/15 MP: 3/3
   169 | D:2      | Reached XP level 2. HP: 15/22 MP: 3/5
   293 | D:2      | Reached XP level 3. HP: 28/28 MP: 4/6
   398 | D:3      | Learned a level 3 spell: Conjure Flame
   467 | D:3      | Reached XP level 4. HP: 33/36 MP: 3/7
   530 | D:4      | Found a blossoming altar of Fedhas.
   557 | D:5      | Entered Level 5 of the Dungeon
   558 | D:5      | Found a bloodstained altar of Trog.
   722 | D:6      | Learned a level 4 spell: Sticky Flame
   847 | D:7      | Noticed a phantom
   854 | D:6      | :(
   863 | D:6      | Reached XP level 5. HP: 23/42 MP: 3/9
   985 | D:6      | Reached XP level 6. HP: 22/49 MP: 4/10
   986 | D:6      | Noticed a hornet
   987 | D:6      | NO
   987 | D:6      | NO
  1007 | D:6      | Found a staircase to the Ecumenical Temple.
  1014 | Temple   | Entered the Ecumenical Temple
  1046 | Temple   | Became a worshipper of the Shining One
  1253 | D:6      | Killed a hornet
  1253 | D:6      | Reached skill level 5 in Fire Magic
  1253 | D:6      | Reached XP level 7. HP: 53/55 MP: 7/12
  1535 | D:7      | Reached skill level 5 in Conjurations
  1640 | D:8      | Reached XP level 8. HP: 54/62 MP: 6/14
  1897 | D:4      | Found a basalt altar of Yredelemnul.
  1940 | D:3      | Found a sacrificial altar of Ru.
  1949 | D:3      | Reached skill level 1 in Fighting
  1975 | D:3      | Found a sparkling altar of Nemelex Xobeh.
  1998 | D:3      | Found an ornate altar of the Wu Jian Council.
  2040 | D:3      | Found an iron altar of Okawaru.
  2280 | D:5      | Reached skill level 1 in Armour
  2322 | D:5      | Reached * piety under the Shining One
  2615 | D:6      | Reached skill level 1 in Polearms
  2639 | D:6      | Found a shattered altar of Ashenzari.
  2785 | D:7      | Reached skill level 2 in Polearms
  2790 | D:7      | Reached XP level 9. HP: 38/78 MP: 6/15
  2848 | D:7      | Learned a level 2 spell: Blink
  2851 | D:7      | Learned a level 2 spell: Passwall
  2855 | D:7      | Learned a level 3 spell: Mephitic Cloud
  2890 | D:8      | Reached skill level 3 in Polearms
  2990 | D:8      | Reached ** piety under the Shining One
  3154 | D:8      | Noticed an angel
  3155 | D:8      | Found a glowing silver altar of Zin.
  3155 | D:8      | Found a shimmering altar of Xom.
  3211 | D:8      | Reached skill level 4 in Polearms
  3304 | D:9      | Noticed Pikel
  3318 | D:9      | Killed Pikel
  3318 | D:9      | Reached skill level 5 in Fighting
  3318 | D:9      | Reached skill level 5 in Polearms
  3345 | D:10     | Entered Level 10 of the Dungeon
  3372 | D:9      | Noticed a two-headed ogre
  3384 | D:9      | Killed a two-headed ogre
  3384 | D:9      | Reached skill level 6 in Polearms
  3384 | D:9      | Reached XP level 10. HP: 75/91 MP: 3/16
  3432 | D:9      | Noticed an orange crystal statue
  3477 | D:9      | Reached skill level 7 in Polearms
  3509 | D:9      | Reached skill level 5 in Armour
  3621 | D:9      | Noticed an unseen horror
  3626 | D:9      | Killed an unseen horror
  3710 | D:10     | Noticed an unseen horror
  3715 | D:10     | Killed an unseen horror
  3715 | D:10     | Reached skill level 8 in Polearms
  3825 | D:10     | Noticed a two-headed ogre
  3834 | D:10     | Killed a two-headed ogre
  3948 | D:11     | Reached XP level 11. HP: 98/100 MP: 9/17
  3951 | D:11     | Reached skill level 9 in Polearms
  4000 | D:11     | Reached *** piety under the Shining One
  4048 | D:11     | Found a labyrinth entrance.
  4052 | Lab      | Entered a labyrinth
  4143 | Lab      | :O
  4149 | Lab      | 4thArraOfDagon: +1k
  4511 | Lab      | Noticed a minotaur
  4517 | Lab      | Killed a minotaur
  4539 | Lab      | Got a warped platinum amulet
  4541 | Lab      | Identified the amulet of Xihaeth {+Rage Str+5 Int+3} (You found it in a labyrinth)
  4582 | D:11     | Noticed a centaur warrior
  4603 | D:11     | Killed a centaur warrior
  4603 | D:11     | Reached skill level 1 in Evocations
  4606 | D:11     | HP: 5/150 [centaur[a centaur warrior] (5)]
  5243 | D:13     | Reached skill level 10 in Polearms
  5265 | D:13     | Noticed a manticore
  5279 | D:13     | Killed a manticore
  5282 | D:13     | Noticed an unseen horror
  5289 | D:13     | Killed an unseen horror
  5485 | D:13     | Noticed a seven-headed hydra
  5545 | D:15     | Entered Level 15 of the Dungeon
  5562 | D:15     | Noticed a wizard
  5562 | D:15     | Reached **** piety under the Shining One
  5574 | D:15     | Killed a wizard
  5637 | D:15     | Noticed a two-headed ogre
  5639 | D:15     | Noticed an ogre mage
  5646 | D:15     | Killed a two-headed ogre
  5651 | D:15     | Noticed a two-headed ogre
  5652 | D:15     | Reached XP level 12. HP: 111/111 MP: 10/18
  5659 | D:15     | Killed a two-headed ogre
  5861 | D:15     | Identified a scroll of acquirement
  5888 | D:15     | ?
  5901 | D:15     | Killed an ogre mage
  5901 | D:15     | Reached skill level 5 in Evocations
  5940 | D:15     | Noticed a fire dragon
  5950 | D:15     | Noticed an ice dragon
  5989 | D:14     | Noticed a centaur warrior
  5995 | D:14     | Noticed Agnes
  5995 | D:14     | Noticed a two-headed ogre
  5995 | D:14     | murphy: :P
  6183 | D:13     | Killed a seven-headed hydra
  6227 | D:12     | Reached skill level 11 in Polearms
  6304 | D:12     | Reached ***** piety under the Shining One
  6526 | D:10     | Noticed a two-headed ogre
  6532 | D:10     | Killed a two-headed ogre
  6569 | D:10     | Got a crude trident {flame}
  6571 | D:10     | Identified the +3 trident "Veunt" {flame, *Noise rElec rN+ MR+++} (You took it off a big kobold on level 10 of the Dungeon)
  6680 | D:10     | Found a staircase to the Orcish Mines.
  6781 | D:10     | Found a staircase to the Lair.
  6823 | D:10     | 4thArraOfDagon: no trolls
  6852 | Orc:1    | Entered Level 1 of the Orcish Mines
  6852 | Orc:1    | Noticed Harold
  6860 | Orc:1    | Noticed Harold
  6860 | Orc:1    | Harold changed into Harold the redback
  6915 | D:10     | 4thArraOfDagon: no regen
  6934 | D:10     | 4thArraOfDagon: rup
  6934 | D:10     | 4thArraOfDagon: rip
  7075 | Orc:1    | Killed Harold the redback
  7180 | Orc:1    | Reached skill level 5 in Dodging
  7252 | Orc:2    | Entered Level 2 of the Orcish Mines
  7252 | Orc:2    | Found a staircase to the Elven Halls.
  7253 | Orc:2    | RIP
  7253 | Orc:2    | 4thArraOfDagon: cant
  7253 | Orc:2    | 4thArraOfDagon: no dig
  7254 | Orc:2    | Noticed an orc high priest
  7309 | Lair:1   | Entered Level 1 of the Lair of Beasts
  7310 | Lair:1   | 4thArraOfDagon: lair left
  7315 | Lair:1   | Noticed a four-headed hydra
  7323 | Lair:1   | Killed a four-headed hydra
  7387 | Lair:1   | Gained mutation: You can use your snake-like lower body to constrict enemies. [Naga growth]
  7387 | Lair:1   | Reached XP level 13. HP: 91/121 MP: 8/19
  7600 | Lair:1   | Reached skill level 12 in Polearms
  7800 | Lair:4   | Reached skill level 1 in Invocations
  8041 | Lair:5   | Learned a level 1 spell: Apportation
  8147 | Lair:6   | Entered Level 6 of the Lair of Beasts
  8449 | Lair:6   | Reached skill level 10 in Fighting
  8476 | Lair:6   | HP: 6/123 [11-headed hydra (5)]
  8476 | Lair:6   | Slain by an 11-headed hydra

Vault maps used:
D:1:      dpeg_arrival_tiny_a, serial_forest, infiniplex_forest_clump_curved,
          infiniplex_forest_clump_small, infiniplex_forest_zigzag_1,
          infiniplex_forest_clump_medium, infiniplex_forest_straight_1,
          infiniplex_forest_straight_3, infiniplex_forest_clump_large
D:3:      lemuel_crystal_altar, old_standard_altar, lemuel_doored_altar,
          minmay_misc_feat_chi, minmay_misc_feat_five, nemelex_altar_shiori
D:4:      black_bear_nest_2, cheibriados_altar_1, kennysheep_mini,
          kennysheep_little_box
D:5:      fiery_altar_vehumet, lemuel_crystal_altar, first_bread
D:6:      marbit_many_paths, lemuel_coloured_pillars_altar,
          minmay_temple_entry_hall
D:7:      kennysheep_mini_moat, minmay_misc_feat_hallway,
          kennysheep_generic_room_14
D:8:      kennysheep_kobold_camp, grunt_temple_overflow_order_and_chaos_1
D:9:      serial_shops, nicolae_shop_waterfront, st_stairs_7, david_nohive_1,
          minivault_16, uniq_pikel
D:10:     grunt_lair_entry_orc_guard_hut, orc_0_dummy, enter_trove_1,
          nicolae_underground_beach
D:11:     lab_entry_generic, portal_ice_cave_demonic_guard, enter_bailey_7,
          minmay_misc_feat_roman
D:12:     hangedman_parallel_progression, uniq_rupert
D:14:     erik_vaults_2, serial_bayou_pond_d, uniq_agnes
D:15:     grunt_enter_depths_hoard
Temple:   jpeg_temple_island
Lair:1:   special_room
Lair:2:   cheibrodos_lair_river_kwai, grunt_megastairs_3,
          minmay_lair_oklob_chamber, infiniplex_staircase_pool_2
Lair:3:   minmay_shoals_entry_hut, spider_nest_entry_web_field,
          lemuel_fruit_fields, serial_bayou_shore_b, uniq_nergalle
Lair:5:   beast_lair_carwin_2, lemuel_fruit_tree
Lair:6:   hangedman_lair_caniforms_friends, minmay_slime_entry_oklob_open,
          minivault_24, minivault_19
Orc:1:    uniq_harold, uniq_erolcha
Orc:2:    grunt_orc_gardens, grunt_orc_garden, grunt_orc_garden,
          grunt_orc_garden, grunt_orc_garden
Lab:      labyrinth_spiral

Skill      XL: |  1  2  3  4  5  6  7  8  9 10 11 12 13 |
---------------+----------------------------------------+-----
Conjurations   | 2 3 4 5 |  5.4
Fire Magic     | 4 5 6 |  6.3
Spellcasting   | 3 4 |  4.2
Fighting       | 4 5 7 8 9 10 | 10.1
Armour         | 3 4 6 7 8 |  8.6
Polearms       | 2 6 8 10 11 12 | 12.9
Dodging        | 2 3 5 6 |  6.3
Evocations     | 4 6 |  6.0
Invocations    | 3 |  3.9
Stealth        | |  3.0

Action                   |  1- 3 |  4- 6 |  7- 9 | 10-12 | 13-15 || total
-------------------------+-------+-------+-------+-------+-------++-------
Melee: Halberd           |     6 |    27 |   173 |   386 |   217 ||   809
       Unarmed           |     1 |       |       |       |       ||     1
       Trident           |       |       |       |     4 |     4 ||     8
       Constrict         |       |       |       |       |    37 ||    37
Throw: Throwing net      |       |       |       |     2 |     1 ||     3
 Cast: Flame Tongue      |    21 |    41 |    69 |    34 |     2 ||   167
       Conjure Flame     |       |     2 |     6 |    26 |    30 ||    64
       Sticky Flame      |       |       |    21 |    37 |    11 ||    69
       Mephitic Cloud    |       |       |     1 |     2 |       ||     3
       Apportation       |       |       |       |       |     2 ||     2
 Abil: Spit Poison       |    16 |     9 |    17 |    19 |       ||    61
Evoke: Wand              |       |       |       |    19 |     2 ||    21
       Lightning rod     |       |       |       |     4 |     4 ||     8
  Use: Scroll            |       |    15 |     5 |    16 |     2 ||    38
       Potion            |       |     3 |       |     3 |     1 ||     7
  Eat: Chunk             |       |     2 |     5 |    13 |     1 ||    21
       Fruit             |       |     3 |     3 |       |       ||     6
       Royal jelly       |       |       |     2 |     1 |     5 ||     8
       Meat ration       |       |       |       |     1 |       ||     1
Armor: Ring mail         |    24 |    46 |   146 |   226 |    88 ||   530
       Skin              |       |       |       |    15 |       ||    15
Dodge: Dodged            |     5 |    47 |   117 |   139 |    80 ||   388
